AoeStats
← Alejandro Magno

Arabia

509246201Analyzed
1v1 RM · 5d ago on Sep 26, 2026· 70m 40s· 2 players
Game mode
Random Map
Map size
Tiny (2 player)
Population
200
Speed
Normal
Resources
Standard
Victory
Conquest
Starting age
Dark Age
Ending age
Imperial Age
RankedLock teamsTeams togetherTeam positionsShared explorationLock speedFull tech treeHidden civsTurbo modeCheats
Victory
Defeat
🇦🇷 Persians · Argentina
694
+15
🇺🇸 Goths · United States
665
-15
Alejandro Magno
11:20 Feudal Age
11:50 Loom
23:53 Man-at-Arms
32:54 Castle Age
Coco31724
7:40 Loom
9:55 Feudal Age
10:17 Town Watch
19:41 Double-Bit Axe
21:27 Horse Collar
27:11 Castle Age
29:40 Wheelbarrow
50:00 Scale Barding Armor
58:53 Imperial Age
56:39 Hand Cart
58:03 Light Cavalry
63:22 Husbandry
68:07 Cavalier
Connection lost

Rejoining the realm…

Still unreachable

The connection could not be restored.

Session expired

The server has moved on; the page needs a fresh start.